 Dungeon Crawl Stone Soup version 0.25-a0-294-gea9b1ad378 (webtiles) character file.

Game seed: 17187022816343637909, levelgen mode: deterministic

120 MoonlitKnight the Chopper (level 5, -2/47 HPs)
             Began as a Hill Orc Fighter on Dec 17, 2019.
             Slain by a gnoll (5 damage)
             ... on level 2 of the Dungeon.
             The game lasted 00:03:12 (1568 turns).

MoonlitKnight the Chopper (Hill Orc Fighter)        Turns: 1568, Time: 00:03:13

Health: -2/47      AC:  8    Str: 20    XL:     5   Next: 4%
Magic:  5/5        EV:  7    Int:  8    God:
Gold:   89         SH:  9    Dex: 10    Spells: 4/4 levels left

rFire    . . .     SeeInvis .   a - +0 war axe
rCold    . . .     Gourm    .   c - +0 shield
rNeg     . . .     Faith    .   q - +0 scale mail
rPois    .         Spirit   .   (no helmet)
rElec    .         Reflect  .   o - +0 cloak
rCorr    .         Harm     .   (no gloves)
MR       .....                  (no boots)
Stlth    ..........             (no amulet)
HPRegen  0.15/turn              (no ring)
MPRegen  0.09/turn              (no ring)

@: no status effects
A: no striking features
a: no special abilities


You were on level 2 of the Dungeon.
You were hungry.

You visited 1 branch of the dungeon, and saw 2 of its levels.

You collected 89 gold pieces.

Inventory:

Hand Weapons
 a - a +0 war axe (weapon)
 b - a +0 hunting sling
Missiles
 e - 11 poisoned darts (quivered)
Armour
 c - a +0 shield (worn)
 o - a +0 cloak (worn)
 q - a +0 scale mail (worn)
Scrolls
 g - a scroll of identify {unknown}
 h - 2 scrolls of amnesia {unknown}
 i - 4 scrolls of enchant weapon {unknown}
 n - a scroll of remove curse {unknown}
Potions
 d - a potion of might
 j - 2 potions of degeneration {unknown}
 k - a potion of mutation {unknown}
 p - 2 potions of flight {unknown}
Comestibles
 f - 7 rations
 m - 10 chunks of flesh


   Skills:
 + Level 4.4 Fighting
 * Level 4.7 Axes
 + Level 3.9 Armour
 + Level 4.0 Shields


You had 4 spell levels left.
You didn't know any spells.
Your spell library was empty.

Dungeon Overview and Level Annotations

Branches:
Dungeon (2/15)

Altars:


Message History

The gnoll hits you but does no damage. You block the kobold's attack.
You hit the gnoll.
The gnoll is moderately wounded.
You block the gnoll's attack.
The kobold hits you from afar with a +0 trident.
* * * LOW HITPOINT WARNING * * *
The gnoll hits you.
* * * LOW HITPOINT WARNING * * *
Your shield and scale mail prevent you from hitting the gnoll.
The gnoll is moderately wounded.
The kobold barely misses you. You block the gnoll's attack.
You hit the gnoll.
The gnoll is heavily wounded.
You block the kobold's attack. You block the gnoll's attack.
The kobold hits you from afar with a +0 trident.
* * * LOW HITPOINT WARNING * * *
You hit the gnoll.
The gnoll is severely wounded.
The gnoll hits you.
You die...

#.#.........
#.#......... '
#.#......... #.
#.##########
#.. #####.#
#... #...#.#
#.... #.....#
#....K#####.###
#...sgg@(...#
#....########
#.. #


You could see 2 gnolls, a giant cockroach and a kobold.

Vanquished Creatures
  4 gnolls (D:2)
  4 adders (D:2)
  A dart slug (D:1)
  2 leopard geckos (D:1)
  2 ball pythons (D:1)
  3 bats
  A giant cockroach (D:2)
  8 goblins
  5 hobgoblins
  3 jackals (D:2)
  A quokka (D:2)
  2 frilled lizards
  7 kobolds
  A rat (D:2)
44 creatures vanquished.

Notes
Turn   | Place    | Note
-------+----------+-------------------------------------------
     0 | D:1      | MoonlitKnight the Hill Orc Fighter began the quest for the
                  | Orb.
     0 | D:1      | Reached XP level 1. HP: 19/19 MP: 1/1
   247 | D:1      | Reached XP level 2. HP: 12/27 MP: 2/2
   742 | D:1      | Reached XP level 3. HP: 29/33 MP: 3/3
  1101 | D:2      | Reached XP level 4. HP: 33/40 MP: 4/4
  1556 | D:2      | Reached XP level 5. HP: 18/47 MP: 5/5
  1568 | D:2      | Slain by a gnoll

Levels and vault maps discovered:
D:1:      shiori_shiawase, layout_basic
D:2:      layout_basic, makhleb_blood_cavern_becter

Skill      XL: |  1  2  3  4 |
---------------+-------------+-----
Axes           | 3 4 |  4.7
Fighting       | 4 |  4.4
Shields        | 4 |  4.0
Armour         | |  3.9

Action                   |  1- 3 |  4- 6 || total
-------------------------+-------+-------++-------
Melee: War axe           |   101 |    72 ||   173
  Eat: Chunk             |     1 |     1 ||     2
Armor: Scale mail        |    54 |    29 ||    83
Dodge: Dodged            |    38 |    23 ||    61
Block: Shield            |    78 |    42 ||   120

Table legend:
 A = Non-vault XP
 B = Vault XP
 C = Vault XP percentage of total XP
 D = Non-vault monster count
 E = Vault monster count
 F = Vault count percentage of total count
                 A         B        C        D         E       F
            +---------+---------+-------+---------+---------+-------
      Total |     172 |       0 |   0.0 |      44 |       0 |   0.0
            +---------+---------+-------+---------+---------+-------
        D:1 |      34 |       0 |   0.0 |      17 |       0 |   0.0
        D:2 |     138 |       0 |   0.0 |      27 |       0 |   0.0
            +---------+---------+-------+---------+---------+-------
